Cogmind - Beta 14 @@@ ROGUE MODE // 2024.09.06 @ 14:16:24 Player: Andru7428 Result: Self-destructed Performance ------------- Evolutions (5) 2500 Regions Visited (18) 3600 Robots Destroyed (215) 1075 Value Destroyed (5762) 5762 Prototype IDs (22) 440 Alien Tech Used (0) 0 Bonus (2626) 2626 TOTAL SCORE: 16003 Bonus ------- High Alert Combat Kills 448 Follower Combat Kills 1544 Network Hubs Disabled 200 Met Data Miner 300 Built Enhanced Grunts 300 Friendly Fire -166 Cogmind --------- Core Integrity 786/1000 Matter 190/300 Energy 41/100 System Corruption 1% Temperature Cool (0) Movement Hovering (150) Ox1 Location -5/Factory Parts ------- > --- POWER (1) -------- (None) > --- PROPULSION (5) --- Combat Airjet > --- UTILITY (8) ------ Medium Storage Unit Structural Scanner Advanced Signal Interpreter ECM Suite > --- WEAPON (3) ------- Powered Hammer Power Sword Power Sword > --- INVENTORY (10) --- Stasis Canceller Improved Transmission Jammer Improved Transmission Jammer Improved Utility Shielding Improved Medium Armor Plating Centrium Medium Armor Plating Centrium Medium Armor Plating Authchip [Propulsion] Heavy Phase Cannon Scatter Rocket Array Peak State ------------ > --- POWER ------------ Enhanced Nuclear Core > --- PROPULSION ------- Cooled Airjet Combat Airjet Combat Airjet Combat Airjet > --- UTILITY ---------- Medium Storage Unit Advanced Sensor Array Advanced Signal Interpreter Advanced Melee Analysis Suite Improved Transmission Jammer Improved Medium Armor Plating Centrium Medium Armor Plating Improved Hacking Suite > --- WEAPON ----------- Powered Hammer Power Sword Power Sword > --- INVENTORY -------- Enhanced Nuclear Core Structural Scanner Stasis Canceller Improved Transmission Jammer ECM Suite Improved Utility Shielding Centrium Medium Armor Plating Authchip [Propulsion] Scatter Rocket Array [Rating: 83] Favorites ----------- Power Enhanced Nuclear Core Engine Cooled Ion Engine Power Core Enhanced Nuclear Core Propulsion Combat Airjet Treads Improved Treads Leg Aluminum Leg Wheel Armored Wheel Hover Unit Combat Airjet Utility Medium Storage Unit Device Structural Scanner Storage Medium Storage Unit Processor Advanced Melee Analysis Suite Hackware Hacking Suite Protection Improved Medium Armor Plating Weapon Powered Hammer Energy Gun Medium Laser Energy Cannon Heavy Phase Cannon Ballistic Gun Assault Rifle Ballistic Cannon Bore Cannon Launcher Mini Grenade Launcher Impact Weapon Powered Hammer Slashing Weapon Power Sword Build | -11 -10 -9 -9 -9 -8 -8 -8 -7 -7 -7 -7 -6 -6 -6 -6 -6 -6 -5 ------- Run | Yrd Mat Mat Min Exi Min Mat Sto Fac Low Low Dat Pro Fac Ext Cet Arc Hub Fac Slots Evolved 10 | . . 2 . . . 2 . 2 . . . . 2 . . . . 2 Power . | . . . . . . . . . . . . . . . . . . . Propulsion 3 | . . 1 . . . . . 1 . . . . . . . . . 1 Utility 6 | . . 1 . . . 1 . 1 . . . . 2 . . . . 1 Weapon 1 | . . . . . . 1 . . . . . . . . . . . . Parts Attached 243 | 7 8 31 3 . 3 16 25 41 1 3 . 17 37 20 3 5 9 14 Power 18 | 1 1 5 . . . 1 1 6 . . . . 1 . . . . 2 Engine 13 | 1 1 5 . . . 1 1 4 . . . . . . . . . . Core 5 | . . . . . . . . 2 . . . . 1 . . . . 2 Reactor . | . . . . . . . . . . . . . . . . . . . Propulsion 53 | 2 4 15 . . 1 3 7 12 . . . 2 5 . 1 . . 1 Treads 7 | 2 . 5 . . . . . . . . . . . . . . . . Leg 15 | . 4 3 . . 1 3 4 . . . . . . . . . . . Wheel 7 | . . 7 . . . . . . . . . . . . . . . . Hover 24 | . . . . . . . 3 12 . . . 2 5 . 1 . . 1 Flight . | . . . . . . . . . . . . . . . . . . . Utility 108 | 2 . 7 1 . 1 4 8 15 1 3 . 11 24 15 1 3 6 6 Device 57 | 1 . 2 . . 1 2 5 7 1 3 . 7 13 5 . 1 3 6 Storage 5 | 1 . 3 . . . . . 1 . . . . . . . . . . Processor 6 | . . . . . . . . 3 . . . . 3 . . . . . Hackware 3 | . . . . . . . . . . . . . 2 . . 1 . . Protection 37 | . . 2 1 . . 2 3 4 . . . 4 6 10 1 1 3 . Artifact . | . . . . . . . . . . . . . . . . . . . Weapon 64 | 2 3 4 2 . 1 8 9 8 . . . 4 7 5 1 2 3 5 Energy Gun 1 | 1 . . . . . . . . . . . . . . . . . . Energy Cannon 2 | . . . . . . . . . . . . . . . . . . 2 Ballistic Gun 1 | 1 . . . . . . . . . . . . . . . . . . Ballistic Cannon 5 | . . . . . . . . . . . . . . 2 . 1 2 . Launcher 12 | . . 1 1 . 1 2 3 . . . . 2 1 1 . . . . Special Weapon . | . . . . . . . . . . . . . . . . . . . Impact Weapon 28 | . 3 3 1 . . 6 4 4 . . . 2 3 2 . . . . Slashing Weapon 15 | . . . . . . . 2 4 . . . . 3 . 1 1 1 3 Piercing Weapon . | . . . . . . . . . . . . . . . . . . . Special Melee Weapon . | . . . . . . . . . . . . . . . . . . . Unidentified Prototypes 12 | . . 2 . . . 1 2 4 . . . 1 . . 1 . 1 . Corrupted Parts 1 | . . . . . 1 . . . . . . . . . . . . . System Corruption 4 | . . . . . 4 . . . . . . . . . . . . . Parts Lost 44 | . 6 12 1 . 1 . 7 8 . . . . 1 . 1 . 1 6 Power 4 | . 1 2 . . . . . 1 . . . . . . . . . . Propulsion 21 | . 3 6 1 . . . 3 4 . . . . . . 1 . . 3 Utility 15 | . . 4 . . 1 . 3 3 . . . . 1 . . . . 3 Weapon 4 | . 2 . . . . . 1 . . . . . . . . . 1 . Highest Loss Streak 5 | . 4 3 1 . 1 . 4 3 . . . . 1 . 1 . 1 5 To Critical Strikes 2 | . . . 1 . . . . . . . . . . . 1 . . . Average Slot Usage (%) 93 | . 96 88 92 88 90 95 94 89 92 92 92 92 98 100 100 100 99 86 Engine 5 | . 12 10 11 11 11 5 9 4 . . . . . . . . . . Core 2 | . . . . . . . . 2 7 7 7 7 6 6 6 6 6 4 Treads 5 | . 12 11 25 22 22 1 . . . . . . . . . . . . Leg 7 | . 15 8 . . 2 25 22 . . . . . . . . . . . Wheel 1 | . . 7 . . . . . . . . . . . . . . . . Hover 11 | . . . . . . . 2 27 30 30 30 30 26 26 26 26 26 18 Device 10 | . 14 7 1 . 6 13 10 12 15 15 15 15 16 7 . . 9 19 Storage 12 | . 14 20 22 22 22 13 9 6 7 7 7 7 6 6 6 6 6 5 Processor 4 | . . . . . . . . 7 7 7 7 7 7 13 13 13 13 11 Hackware 1 | . . . . . . . . . . . . . 2 6 6 6 6 5 Protection 7 | . . 1 9 11 3 8 13 6 7 7 7 7 10 11 20 19 9 1 Impact Weapon 16 | . 15 21 22 22 16 26 25 12 7 7 7 6 6 5 6 6 6 5 Slashing Weapon 4 | . . . . . . . . 5 7 7 7 7 11 12 11 11 12 10 Peak Build Rating 83 | 7 10 18 19 17 19 32 36 51 52 52 51 57 70 71 72 77 82 83 Average Rating 37 | 5 8 14 17 17 16 28 31 45 51 51 51 53 64 68 70 73 77 70 On Entrance 40 | . 7 9 18 17 17 19 29 34 51 52 51 51 54 67 65 72 77 72 Naked Turns . | . . . . . . . . . . . . . . . . . . . Heaviest Build 55 | 15 15 45 51 51 51 55 46 32 30 31 30 35 41 46 46 50 42 42 Greatest Support 69 | 40 40 69 69 46 46 46 40 35 35 35 35 35 45 44 44 44 44 44 Greatest Overweight (x) 2 | . 1 2 1 1 1 1 1 1 . . . . . 1 1 1 . 1 Average Overweight (x) . | . . . . 1 . . . . . . . . . . . . . . Largest Inventory Capacity 15 | 8 8 15 15 15 15 15 10 10 10 10 10 10 10 10 10 10 10 10 Average Capacity 10 | 7 8 10 15 15 15 12 10 9 10 10 10 10 10 10 10 10 10 10 Most Carried 15 | 7 8 12 15 15 15 15 10 10 10 10 10 10 10 10 10 10 10 10 Average Carried 10 | 5 7 9 14 15 14 12 9 9 10 9 10 10 9 9 9 10 10 9 Final Capacity 15 | 8 8 15 15 15 15 10 10 10 10 10 10 10 10 10 10 10 10 10 Final Carried 15 | 7 8 11 15 15 13 10 10 10 10 10 10 10 10 10 10 10 10 10 Class Distribution -------------------- 48% | Mutant 16% | Scavenger-Mutant 11% | Commander-Gladiator 10% | Infiltrator-Gladiator 7% | Gladiator 3% | Infiltrator-Ninja Dominant Class ---------------- Mutant | -10/Materials Mutant | -9/Materials Mutant | -9/Mines Mutant | -9/Exiles Mutant | -8/Mines Scavenger-Mutant | -8/Materials Scavenger-Mutant | -8/Storage Mutant | -7/Factory Infiltrator-Gladiator | -7/Lower Caves Infiltrator-Gladiator | -7/Lower Caves Gladiator | -7/Data Miner Infiltrator-Gladiator | -6/Proximity Caves Infiltrator-Gladiator | -6/Factory Commander-Gladiator | -6/Extension Commander-Gladiator | -6/Cetus Commander-Gladiator | -6/Archives Commander-Gladiator | -6/Hub_04(d) Infiltrator-Ninja | -5/Factory Resources | -11 -10 -9 -9 -9 -8 -8 -8 -7 -7 -7 -7 -6 -6 -6 -6 -6 -6 -5 ----------- Run | Yrd Mat Mat Min Exi Min Mat Sto Fac Low Low Dat Pro Fac Ext Cet Arc Hub Fac Matter Collected 3311 | 288 117 325 77 . 70 188 325 304 141 29 . 311 476 339 74 89 158 . Remotely . | . . . . . . . . . . . . . . . . . . . Salvage Created 7511 | 83 470 1365 98 . 142 814 1270 693 182 40 . 428 661 804 80 223 158 . Parts 330 | 14 22 63 5 . 3 27 45 32 10 2 . 14 37 28 4 15 9 . Haulers Intercepted 22 | . 1 6 . . . 3 3 2 . . . 1 3 3 . . . . Recyclers Shooed 2 | . . . . . . . 2 . . . . . . . . . . . Parts Field Recycled . | . . . . . . . . . . . . . . . . . . . Retrieved Matter . | . . . . . . . . . . . . . . . . . . . Parts Self-Destructed 15 | . . . . . . . . . 4 1 . 10 . . . . . . Prevented 2 | . . . . . . . . . 2 . . . . . . . . . Kills | -11 -10 -9 -9 -9 -8 -8 -8 -7 -7 -7 -7 -6 -6 -6 -6 -6 -6 -5 ------- Run | Yrd Mat Mat Min Exi Min Mat Sto Fac Low Low Dat Pro Fac Ext Cet Arc Hub Fac Combat Hostiles Destroyed 130 | . 13 29 3 . 2 13 27 14 2 1 . 7 8 8 1 1 1 . Melee 47 | . 6 13 . . 1 5 4 5 1 1 . 2 5 3 . . 1 . Guns 4 | . 4 . . . . . . . . . . . . . . . . . Cannons 3 | . 1 . . . . . . . . . . . . . 1 1 . . AOE 32 | . . 3 3 . 1 3 11 . . . . 5 3 3 . . . . Classes Destroyed 18 | 1 5 3 . . 1 2 2 1 2 1 . . . . . . . . Worker 5 | . . 2 . . . 2 . . . . . . 1 . . . . . Builder 12 | . . 2 . . . . 3 4 . . . . 1 2 . . . . Tunneler 14 | 5 1 . 1 . 1 . . 3 . . . . 3 . . . . . Hauler 22 | . 1 6 . . . 3 3 2 . . . 1 3 3 . . . . Recycler 9 | . 1 2 1 . 1 2 1 . . . . . . 1 . . . . Minesweeper 1 | . . . . . . . . . . 1 . . . . . . . . Mechanic 4 | . . . . . . 1 2 . . . . . 1 . . . . . Operator 6 | . . . . . . 1 . . . . . . . 1 . 4 . . Watcher 12 | . 1 5 . . . 1 . 1 . . . . 1 . . . 3 . Swarmer 45 | . 6 13 3 . 1 3 . 9 . . . . 6 4 . . . . Grunt 42 | . 7 7 . . . 5 17 . . . . 5 . 1 . . . . Brawler 1 | . . . . . . . 1 . . . . . . . . . . . Duelist 3 | . . . . . . . 1 2 . . . . . . . . . . Sentry 27 | . . 9 . . . 5 7 1 . . . 1 . 3 . 1 . . Hunter 5 | . . . . . 1 . 1 1 . . . . 1 . . . 1 . Programmer 4 | . . . . . . . . 1 1 . . 1 1 . . . . . Cetus Guard 1 | . . . . . . . . . . . . . . . 1 . . . Packrat 1 | . . . . . . . . . 1 . . . . . . . . . Samaritan 2 | . . . . . . . . . 1 . . 1 . . . . . . Thief 2 | . . . . . . . . . 1 1 . . . . . . . . Best Kill Streak 14 | 2 4 7 4 . 2 6 14 4 1 1 . 5 4 4 1 2 2 . Combat Bots Only 7 | . 3 4 3 . 1 4 7 3 1 1 . 5 3 4 1 1 1 . Max Kills in Single Turn 4 | 1 1 3 2 . 1 2 4 1 1 1 . 3 3 3 1 1 1 . Gunslinging . | . . . . . . . . . . . . . . . . . . . Exploded 4 | . . 2 2 . 1 2 4 . . . . 3 2 3 . . . . Melee 1 | . 1 1 . . 1 1 1 1 1 1 . 1 1 1 . . 1 . Uniques/NPCs Destroyed . | . . . . . . . . . . . . . . . . . . . Combat | -11 -10 -9 -9 -9 -8 -8 -8 -7 -7 -7 -7 -6 -6 -6 -6 -6 -6 -5 -------- Run | Yrd Mat Mat Min Exi Min Mat Sto Fac Low Low Dat Pro Fac Ext Cet Arc Hub Fac Hostile Shots Fired 1013 | . 106 180 3 . 29 52 116 169 2 7 . 67 65 111 4 4 34 64 Missed 349 | . 28 53 1 . 5 13 32 63 1 5 . 34 29 47 . . 13 25 Damage Taken 9865 | . 1121 1570 59 . 418 567 1708 1540 10 36 . 330 518 714 96 122 419 637 Core 1852 | . 239 350 14 . 22 70 285 313 . 36 . 60 53 127 . . 69 214 Absorbed by Shields 212 | . . . . . . . . . . . . . . 172 40 . . . Redirected to Shielding 257 | . . . . . . . . 102 6 . . 66 72 11 . . . . Regen/Repaired (Parts) 901 | . 38 203 . . . 47 . 505 . . . . 108 . . . . . Core Remaining (%) 42 | 100 4 . . . 3 . 35 . . . . 41 . . . . 70 . Volleys Fired 91 | 6 19 4 2 . 2 2 9 . . . . 3 2 10 7 7 9 9 Largest 2 | 2 2 1 1 . 1 1 1 . . . . 1 1 1 1 1 1 1 Hottest 90 | 70 70 30 30 . 30 30 50 . . . . 50 50 57 57 57 57 90 Shots Fired 117 | 12 38 4 3 . 2 2 9 . . . . 3 2 10 7 7 9 9 Gun 50 | 12 38 . . . . . . . . . . . . . . . . . Cannon 41 | . . . . . . . . . . . . . . 9 7 7 9 9 Launcher 26 | . . 4 3 . 2 2 9 . . . . 3 2 1 . . . . Special . | . . . . . . . . . . . . . . . . . . . Kinetic 57 | 6 19 . . . . . . . . . . . . 9 7 7 9 . Thermal 34 | 6 19 . . . . . . . . . . . . . . . . 9 Explosive 26 | . . 4 3 . 2 2 9 . . . . 3 2 1 . . . . Electromagnetic . | . . . . . . . . . . . . . . . . . . . Robot Hit Streak 5 | 5 4 1 4 . 1 3 4 . . . . 5 . 3 1 1 . . Robot Miss Streak 11 | 1 7 4 . . 1 . 3 . . . . 4 11 2 4 3 4 . Penetration Max 1 | . . . . . . . . . . . . . . 1 1 . . . Secondary Targets . | . . . . . . . . . . . . . . . . . . . Shots Hit Robots 412 | 8 44 91 4 . 9 36 55 52 7 3 . 12 31 35 2 11 12 . Core Hits 180 | 5 14 22 5 . 4 9 43 8 2 1 . 21 16 19 3 4 4 . Critical Kills 4 | . . . . . . 1 . . . . . . . 1 1 1 . . Critical Parts Destroyed 37 | . 1 9 . . . 7 5 5 1 . . . . 7 1 1 . . Critical Strikes 54 | . 1 11 . . . 8 7 7 1 . . . 2 12 2 3 . . Destroy 10 | . . . . . . . . . . . . . . 6 2 2 . . Smash 39 | . 1 11 . . . 8 7 7 1 . . . . 4 . . . . Sever 5 | . . . . . . . . . . . . . 2 2 . 1 . . Melee Attacks 709 | . 40 127 1 . 13 54 83 155 10 6 . 17 89 49 . 15 24 26 Impact 499 | . 40 127 1 . 13 54 82 116 2 2 . 4 21 23 . 2 6 6 Slashing 210 | . . . . . . . 1 39 8 4 . 13 68 26 . 13 18 20 Piercing . | . . . . . . . . . . . . . . . . . . . Sneak Attacks 65 | . 2 13 1 . 2 9 4 11 2 1 . 1 9 5 . 5 . . Combat Hostiles 3 | . . 1 . . . 1 . 1 . . . . . . . . . . Follow-up Attacks 75 | . . 13 . . 1 7 15 11 2 1 . 3 6 9 . 2 5 . Damage Inflicted 22440 | 101 1375 4103 250 . 541 2236 3863 2732 465 222 . 1136 2050 1948 99 816 503 . Guns 319 | 101 218 . . . . . . . . . . . . . . . . . Cannons 406 | . . . . . . . . . . . . . . 258 99 49 . . Explosions 3667 | . 47 333 205 . 93 265 1737 . . . . 498 229 260 . . . . Melee 18044 | . 1109 3770 45 . 448 1970 2124 2732 465 222 . 638 1821 1430 . 767 503 . Ramming 4 | . 1 . . . . 1 2 . . . . . . . . . . . Kinetic 611 | 63 142 . . . . . . . . . . . . 258 99 49 . . Thermal 114 | 38 76 . . . . . . . . . . . . . . . . . Explosive 3667 | . 47 333 205 . 93 265 1737 . . . . 498 229 260 . . . . Electromagnetic . | . . . . . . . . . . . . . . . . . . . Impact 12692 | . 1109 3770 45 . 448 1970 2124 1842 95 41 . 40 330 750 . 57 71 . Slashing 5352 | . . . . . . . . 890 370 181 . 598 1491 680 . 710 432 . Piercing . | . . . . . . . . . . . . . . . . . . . Highest Corruption 7 | . . 3 3 3 7 . . 2 2 2 2 2 1 . . . 2 1 Average Corruption 2 | . . 3 3 3 3 . . 2 2 2 2 2 1 . . . 2 1 Corruption Purged 1 | . . . . . . . . . . . . . 1 . . . . . Corruption Blocked . | . . . . . . . . . . . . . . . . . . . Effects 46 | . . 2 10 11 3 . . 6 1 4 . 7 1 . . . 1 . Message Errors 8 | . . 1 2 1 . . . 1 . 1 . 2 . . . . . . Matter Fused 13 | . . . 3 4 1 . . 2 . 1 . 2 . . . . . . Heat Flow Errors 4 | . . . 1 1 . . . . . 1 . 1 . . . . . . Energy Discharges 9 | . . 1 1 3 1 . . 1 1 . . 1 . . . . . . Parts Fused 1 | . . . . 1 . . . . . . . . . . . . . . Data Loss (minor) 6 | . . . . 1 1 . . 2 . 1 . 1 . . . . . . Data Loss (major) 2 | . . . 2 . . . . . . . . . . . . . . . Misfires 1 | . . . 1 . . . . . . . . . . . . . . . Alerts 2 | . . . . . . . . . . . . . 1 . . . 1 . Overload Shots . | . . . . . . . . . . . . . . . . . . . Overflow Damage 4999 | . 279 1164 23 . 155 1039 431 677 142 27 . 50 414 273 . 236 89 . Projectiles 34 | . . . . . . 34 . . . . . . . . . . . . Explosions 149 | . 17 80 23 . . . . . . . . . . . . . 29 . Melee 4816 | . 262 1084 . . 155 1005 431 677 142 27 . 50 414 273 . 236 60 . Knockbacks 39 | . 6 8 . . 2 3 5 7 1 . . . 2 2 1 1 1 . Impact 34 | . 5 7 . . 2 2 5 7 1 . . . 2 1 . 1 1 . Kinetic 2 | . . . . . . . . . . . . . . 1 1 . . . Secondary 3 | . 1 1 . . . 1 . . . . . . . . . . . . Self-Inflicted Damage 538 | . 279 34 44 . 40 . 42 . . . . . . . . . 99 . Shots 10 | . 4 1 1 . 1 . 2 . . . . . . . . . 1 . Rammed 1 | . 1 . . . . . . . . . . . . . . . . . Targets Rammed 3 | . 1 . . . . 1 1 . . . . . . . . . . . Kicked 2 | . . . . . . 1 1 . . . . . . . . . . . Crushed . | . . . . . . . . . . . . . . . . . . . Highest Temperature 182 | 27 114 10 104 133 . 1 8 . . 175 . 180 . 96 36 36 30 182 Average Temperature 36 | 11 27 9 42 69 . 1 3 . . 90 . 71 . 45 15 14 10 78 Received Heat Transfer 2236 | . 378 402 . . . 270 576 195 . . . 111 27 142 . . 72 63 Siege Activations . | . . . . . . . . . . . . . . . . . . . Robots Corrupted 63 | . 2 19 . . 1 9 14 11 1 . . . 1 4 . 1 . . Combat Hostiles 44 | . 2 13 . . . 5 12 9 1 . . . . 2 . . . . Parts Fried 81 | . 4 29 . . 4 13 10 9 1 1 . . 1 7 1 1 . . Impact Corruptions 150 | . 10 43 . . 7 25 19 26 2 1 . . 7 7 . 2 1 . Robots Melted . | . . . . . . . . . . . . . . . . . . . Combat Hostiles . | . . . . . . . . . . . . . . . . . . . Parts Melted 1 | 1 . . . . . . . . . . . . . . . . . . Heat Transferred 333 | 111 222 . . . . . . . . . . . . . . . . . Parts Sabotaged 2 | . . . . . . . . . . . . . . . . . . 2 Parts Stolen . | . . . . . . . . . . . . . . . . . . . Parts Stripped . | . . . . . . . . . . . . . . . . . . . Power Chain Reactions . | . . . . . . . . . . . . . . . . . . . Alert | -11 -10 -9 -9 -9 -8 -8 -8 -7 -7 -7 -7 -6 -6 -6 -6 -6 -6 -5 ------- Run | Yrd Mat Mat Min Exi Min Mat Sto Fac Low Low Dat Pro Fac Ext Cet Arc Hub Fac Peak Influence 980 | 25 312 513 200 . 117 284 724 803 . . . . 381 787 414 422 980 436 Initial 378 | . 16 24 100 . . 45 . 252 . . . . 144 131 378 165 147 371 Average 288 | 11 126 267 50 . 65 76 400 544 . . . . 259 435 402 372 584 393 Maximum Alert Level 3 | . 1 2 1 . . 1 3 3 . . . . 1 3 2 2 3 2 Low Security (%) 36 | 100 70 20 92 . 100 90 24 . . . . . 17 4 . 3 17 . Level 1 34 | . 29 67 7 . . 9 12 22 . . . . 82 42 21 49 10 47 Level 2 25 | . . 11 . . . . 62 66 . . . . . 47 78 47 33 52 Level 3 3 | . . . . . . . 1 10 . . . . . 4 . . 38 . Level 4 . | . . . . . . . . . . . . . . . . . . . Level 5 . | . . . . . . . . . . . . . . . . . . . High Security . | . . . . . . . . . . . . . . . . . . . Max Security . | . . . . . . . . . . . . . . . . . . . Squads Dispatched 35 | . 4 1 . . . 1 5 4 . . . . 9 3 . . 7 1 Investigation 10 | . 1 . . . . . 1 1 . . . . 6 1 . . . . Extermination 3 | . . . . . . . . 1 . . . . 1 . . . 1 . Reinforcement 18 | . 3 1 . . . 1 2 1 . . . . 2 2 . . 6 . Assault 4 | . . . . . . . 2 1 . . . . . . . . . 1 Garrison . | . . . . . . . . . . . . . . . . . . . Intercept . | . . . . . . . . . . . . . . . . . . . Searches Triggered 2 | . . . . . . . . 2 . . . . . . . . . . Construction Impeded 3 | . . . . . . . 1 . . . . . . 1 . . 1 . Haulers Reinforced . | . . . . . . . . . . . . . . . . . . . Active Scanning Responses . | . . . . . . . . . . . . . . . . . . . Cargo Convoy Interrupts . | . . . . . . . . . . . . . . . . . . . Stealth | -11 -10 -9 -9 -9 -8 -8 -8 -7 -7 -7 -7 -6 -6 -6 -6 -6 -6 -5 --------- Run | Yrd Mat Mat Min Exi Min Mat Sto Fac Low Low Dat Pro Fac Ext Cet Arc Hub Fac Distress Signals 17 | . 4 3 . . . 1 2 2 . . . . 1 1 1 . 2 . Communications Jammed 39 | . . . . . . . . . . . . . . 39 . . . . Distress Signals 39 | . . . . . . . . . . . . . . 39 . . . . Times Spotted 291 | . 25 46 3 . 4 16 41 42 2 3 . 14 28 22 5 12 14 14 Peak Tracking Total 9 | . 5 7 1 . 4 3 9 6 1 2 . 5 5 4 5 1 3 7 Tactical Retreats 45 | . 1 7 . . 1 1 5 13 . . . 3 9 1 . . . 4 Traps | -11 -10 -9 -9 -9 -8 -8 -8 -7 -7 -7 -7 -6 -6 -6 -6 -6 -6 -5 ------- Run | Yrd Mat Mat Min Exi Min Mat Sto Fac Low Low Dat Pro Fac Ext Cet Arc Hub Fac Traps Triggered 9 | . 1 . . . . . 2 3 . . . . . 1 . . . 2 Indirectly . | . . . . . . . . . . . . . . . . . . . Trap Hack Attempts . | . . . . . . . . . . . . . . . . . . . Triggered . | . . . . . . . . . . . . . . . . . . . Disarmed . | . . . . . . . . . . . . . . . . . . . Reprogrammed . | . . . . . . . . . . . . . . . . . . . Reused . | . . . . . . . . . . . . . . . . . . . Traps Extracted . | . . . . . . . . . . . . . . . . . . . Installed . | . . . . . . . . . . . . . . . . . . . Triggered 1 | . . 1 . . . . . . . . . . . . . . . . Most Traps Carried 4 | . . . 4 4 4 4 . . . 1 1 1 1 . . . . . Machines | -11 -10 -9 -9 -9 -8 -8 -8 -7 -7 -7 -7 -6 -6 -6 -6 -6 -6 -5 ---------- Run | Yrd Mat Mat Min Exi Min Mat Sto Fac Low Low Dat Pro Fac Ext Cet Arc Hub Fac Machines Disabled 13 | . 4 1 . . . . 3 . . 1 . . . . . 3 1 . Max in Single Turn 4 | . 4 1 . . . . 1 . . 1 . . . . . 1 1 . Garrison Access 2 | . . . . . . . . 1 . . . . 1 . . . . . Network Hub 1 | . . . . . . . . . . . . . . . . . 1 . Machines Repaired . | . . . . . . . . . . . . . . . . . . . Machines Dismantled . | . . . . . . . . . . . . . . . . . . . Machines Sabotaged . | . . . . . . . . . . . . . . . . . . . Overloaded Fab Kills . | . . . . . . . . . . . . . . . . . . . Hacking | -11 -10 -9 -9 -9 -8 -8 -8 -7 -7 -7 -7 -6 -6 -6 -6 -6 -6 -5 --------- Run | Yrd Mat Mat Min Exi Min Mat Sto Fac Low Low Dat Pro Fac Ext Cet Arc Hub Fac Machines Accessed 79 | . 7 12 . 1 . 8 7 12 . . 3 . 20 2 1 . 4 2 Terminals 50 | . 5 9 . . . 6 6 4 . . . . 11 2 1 . 4 2 Fabricators 6 | . . . . . . . . 1 . . . . 5 . . . . . Repair Stations 11 | . 1 2 . . . 1 1 5 . . . . 1 . . . . . Recycling Units 3 | . 1 1 . . . 1 . . . . . . . . . . . . Scanalyzers 1 | . . . . . . . . 1 . . . . . . . . . . Garrison Access 4 | . . . . . . . . 1 . . . . 3 . . . . . Total Hacks 231 | . 22 38 . 1 . 25 19 32 . . 23 . 53 4 1 . 7 6 Successful 123 | . 12 22 . 1 . 15 11 16 . . 23 . 20 1 . . 1 1 Failed 108 | . 10 16 . . . 10 8 16 . . . . 33 3 1 . 6 5 Catastrophic 18 | . 1 5 . . . 2 . 2 . . . . 5 1 . . 1 1 Database Lockouts . | . . . . . . . . . . . . . . . . . . . Manual 120 | . 20 30 . . . 17 7 3 . . . . 32 1 1 . 4 5 Terminals 138 | . 18 28 . . . 21 16 9 . . . . 28 4 1 . 7 6 Fabricators 18 | . . . . . . . . 1 . . . . 17 . . . . . Repair Stations 34 | . 2 8 . . . 2 3 17 . . . . 2 . . . . . Recycling Units 6 | . 2 2 . . . 2 . . . . . . . . . . . . Scanalyzers 4 | . . . . . . . . 4 . . . . . . . . . . Garrison Access 7 | . . . . . . . . 1 . . . . 6 . . . . . Terminal Hacks 40 | . 2 3 . 1 . 4 4 . . . 23 . 2 1 . . . . Record 7 | . . . . 1 . . . . . . 6 . . . . . . . Part Schematic 9 | . . . . . . . . . . . 8 . 1 . . . . . Robot Schematic 6 | . . . . . . . . . . . 6 . . . . . . . Robot Analysis 1 | . . 1 . . . . . . . . . . . . . . . . Prototype ID Bank 3 | . . . . . . . . . . . 3 . . . . . . . Open Door 2 | . . . . . . . 2 . . . . . . . . . . . Alert Level 3 | . . . . . . 2 . . . . . . 1 . . . . . Unreport Threat 7 | . 2 2 . . . 2 1 . . . . . . . . . . . Locate Traps 1 | . . . . . . . . . . . . . . 1 . . . . Hauler Manifests 1 | . . . . . . . 1 . . . . . . . . . . . Fabricator Hacks 8 | . . . . . . . . 1 . . . . 7 . . . . . Network Status 2 | . . . . . . . . 1 . . . . 1 . . . . . Load Schematic 5 | . . . . . . . . . . . . . 5 . . . . . Build 1 | . . . . . . . . . . . . . 1 . . . . . Repair Station Hacks 24 | . 2 5 . . . 2 1 12 . . . . 2 . . . . . Scan Component 13 | . 1 3 . . . 1 1 6 . . . . 1 . . . . . Repair 11 | . 1 2 . . . 1 . 6 . . . . 1 . . . . . Recycling Unit Hacks . | . . . . . . . . . . . . . . . . . . . Scanalyzer 1 | . . . . . . . . 1 . . . . . . . . . . Insert Component 1 | . . . . . . . . 1 . . . . . . . . . . Garrison Access Hacks 2 | . . . . . . . . 1 . . . . 1 . . . . . Seal Access 2 | . . . . . . . . 1 . . . . 1 . . . . . Unauthorized Hacks 48 | . 8 14 . . . 9 6 1 . . . . 8 . . . 1 1 Terminals 41 | . 7 12 . . . 8 6 . . . . . 6 . . . 1 1 Assimilate 2 | . . . . . . . . . . . . . 1 . . . 1 . Botnet 20 | . 2 7 . . . 2 3 . . . . . 5 . . . . 1 Skim 19 | . 5 5 . . . 6 3 . . . . . . . . . . . Fabricators 2 | . . . . . . . . . . . . . 2 . . . . . Recompile 2 | . . . . . . . . . . . . . 2 . . . . . Repair Stations 1 | . . . . . . . . 1 . . . . . . . . . . Mechanics 1 | . . . . . . . . 1 . . . . . . . . . . Recycling Units 4 | . 1 2 . . . 1 . . . . . . . . . . . . Reject 2 | . . 1 . . . 1 . . . . . . . . . . . . Recyclers 2 | . 1 1 . . . . . . . . . . . . . . . . Scanalyzers . | . . . . . . . . . . . . . . . . . . . Garrison Access . | . . . . . . . . . . . . . . . . . . . Data Cores Recovered . | . . . . . . . . . . . . . . . . . . . Used . | . . . . . . . . . . . . . . . . . . . Hacking Detections 69 | . 7 12 . . . 8 6 9 . . . . 19 2 1 . 3 2 Full Trace Events 7 | . . 1 . . . 1 . 1 . . . . 4 . . . . . Feedback Events . | . . . . . . . . . . . . . . . . . . . Feedback Blocked . | . . . . . . . . . . . . . . . . . . . Robot Schematics Acquired 6 | . . . . . . . . . . . 6 . . . . . . . Robots Built . | . . . . . . . . . . . . . . . . . . . Authchips . | . . . . . . . . . . . . . . . . . . . Time . | . . . . . . . . . . . . . . . . . . . Total Robot Build Rating . | . . . . . . . . . . . . . . . . . . . Part Schematics Acquired 9 | . . . . . . . . . . . 8 . 1 . . . . . Parts Built 2 | . . . . . . . . . . . . . 2 . . . . . Authchips 1 | . . . . . . . . . . . . . 1 . . . . . Time 36 | . . . . . . . . . . . . . 36 . . . . . Total Part Build Rating 6 | . . . . . . . . . . . . . 6 . . . . . Parts Repaired 11 | . 1 2 . . . 1 . 6 . . . . 1 . . . . . Time 429 | . 26 64 . . . 44 . 260 . . . . 35 . . . . . Parts Recycled . | . . . . . . . . . . . . . . . . . . . Recycled Matter . | . . . . . . . . . . . . . . . . . . . Retrieved Matter . | . . . . . . . . . . . . . . . . . . . Retrieved Components . | . . . . . . . . . . . . . . . . . . . Parts Scanalyzed 1 | . . . . . . . . 1 . . . . . . . . . . Part Schematics Acquired . | . . . . . . . . . . . . . . . . . . . Parts Damaged 1 | . . . . . . . . 1 . . . . . . . . . . Bothacking | -11 -10 -9 -9 -9 -8 -8 -8 -7 -7 -7 -7 -6 -6 -6 -6 -6 -6 -5 ------------ Run | Yrd Mat Mat Min Exi Min Mat Sto Fac Low Low Dat Pro Fac Ext Cet Arc Hub Fac Used RIF Installer . | . . . . . . . . . . . . . . . . . . . Robots Hacked . | . . . . . . . . . . . . . . . . . . . Non-combat . | . . . . . . . . . . . . . . . . . . . Combat . | . . . . . . . . . . . . . . . . . . . Robot Hacks Applied . | . . . . . . . . . . . . . . . . . . . Relay Couplers Released . | . . . . . . . . . . . . . . . . . . . Fabnet Peak Effective % . | . . . . . . . . . . . . . . . . . . . Robots Rewired 16 | . . . . . . . . . . . . . . 16 . . . . Allies Hacked . | . . . . . . . . . . . . . . . . . . . Hacks Repelled . | . . . . . . . . . . . . . . . . . . . Allies | -11 -10 -9 -9 -9 -8 -8 -8 -7 -7 -7 -7 -6 -6 -6 -6 -6 -6 -5 -------- Run | Yrd Mat Mat Min Exi Min Mat Sto Fac Low Low Dat Pro Fac Ext Cet Arc Hub Fac Total Allies 33 | . . . . . . . 2 . . . . . 1 25 5 . . . Largest Group 16 | . . . . . . . 2 . . . . . 1 16 16 15 13 . Highest-Rated Group 872 | . . . . . . . 62 . . . . . 26 559 872 872 700 . Highest-Rated Ally 159 | . . . . . . . 31 . . . . . 26 159 152 152 96 . Total Orders 8 | . . . . . . . . . . . . . . . . . 8 . STAY 5 | . . . . . . . . . . . . . . . . . 5 . FOLLOW 3 | . . . . . . . . . . . . . . . . . 3 . Ally Attacks 329 | . . . . . . . 15 . . . . . . 154 38 29 93 . Total Damage 8917 | . . . . . . . 213 . . . . . . 3619 1127 879 3079 . Kills 46 | . . . . . . . . . . . . . . 19 4 3 20 . Allies Corrupted 2 | . . . . . . . . . . . . . . . . . 2 . Allies Melted . | . . . . . . . . . . . . . . . . . . . Intel | -11 -10 -9 -9 -9 -8 -8 -8 -7 -7 -7 -7 -6 -6 -6 -6 -6 -6 -5 ------- Run | Yrd Mat Mat Min Exi Min Mat Sto Fac Low Low Dat Pro Fac Ext Cet Arc Hub Fac Robot Analysis Total 1 | . . 1 . . . . . . . . . . . . . . . . Derelict Logs Recovered 5 | . . . 1 . . . . . 1 1 . 2 . . . . . . Drone Launches . | . . . . . . . . . . . . . . . . . . . Drone Recoveries . | . . . . . . . . . . . . . . . . . . . Exploration | -11 -10 -9 -9 -9 -8 -8 -8 -7 -7 -7 -7 -6 -6 -6 -6 -6 -6 -5 ------------- Run | Yrd Mat Mat Min Exi Min Mat Sto Fac Low Low Dat Pro Fac Ext Cet Arc Hub Fac Turns Passed 13717 | 166 782 2195 930 502 254 1776 1137 1675 196 162 30 384 1256 974 252 202 402 442 Spaces Moved 10783 | 84 311 1024 447 210 121 611 463 2227 420 345 74 697 1749 803 105 163 407 522 Core 3 | 3 . . . . . . . . . . . . . . . . . . Treads 1364 | 81 125 322 447 210 121 58 . . . . . . . . . . . . Legs 1569 | . 186 367 . . . 553 463 . . . . . . . . . . . Wheels 335 | . . 335 . . . . . . . . . . . . . . . . Hover 7512 | . . . . . . . . 2227 420 345 74 697 1749 803 105 163 407 522 Flight . | . . . . . . . . . . . . . . . . . . . Fastest Speed 38 | 50 120 90 160 240 160 120 120 38 40 40 40 40 40 62 62 62 62 62 Average Speed 85 | 156 136 157 204 240 176 157 163 40 40 40 40 40 52 64 80 68 62 63 Slowest Speed 260 | 160 190 260 240 240 240 240 190 105 40 40 40 40 62 129 129 129 62 129 Overloaded Moves . | . . . . . . . . . . . . . . . . . . . Propulsion Burnouts . | . . . . . . . . . . . . . . . . . . . Robots Hopped . | . . . . . . . . . . . . . . . . . . . Cave-ins Triggered 2 | . . . . . . . 1 1 . . . . . . . . . . Exploration Rate (%) 55 | 5 56 87 88 62 23 33 61 58 56 59 68 81 59 82 48 82 26 13 Regions Visited 18 Branch Regions 12 Pre-discovered Areas 8 | . . 2 1 . . 3 . . . . 1 1 . . . . . . Known Exits Taken 9 | . . 1 . . 1 . 1 . 1 . . . 1 1 1 1 1 . Unknown Exits Taken 9 | 1 1 . 1 1 . 1 . 1 . 1 1 1 . . . . . . Scrap Searched 9 | . . . 2 . . . . . 4 1 . 2 . . . . . . Spaces Dug 162 | . 2 6 . . . 12 10 55 2 1 . 2 33 4 . . 6 29 Terrain Destroyed 746 | . 24 21 44 . 29 27 113 55 2 1 . 115 54 47 4 2 179 29 Melee 153 | . 2 6 . . . 12 10 55 2 1 . 2 33 4 . . 6 20 Projectile 18 | . . . . . . . . . . . . . . 1 4 2 2 9 AOE 575 | . 22 15 44 . 29 15 103 . . . . 113 21 42 . . 171 . Terrain Rammed . | . . . . . . . . . . . . . . . . . . . Walls Destroyed . | . . . . . . . . . . . . . . . . . . . Machines Disabled . | . . . . . . . . . . . . . . . . . . . Actions | -11 -10 -9 -9 -9 -8 -8 -8 -7 -7 -7 -7 -6 -6 -6 -6 -6 -6 -5 --------- Run | Yrd Mat Mat Min Exi Min Mat Sto Fac Low Low Dat Pro Fac Ext Cet Arc Hub Fac Total 14088 | 104 567 1411 460 209 139 1352 716 2763 430 358 73 763 1964 1185 266 227 514 587 Wait 2047 | . 182 204 . . . 639 135 304 2 5 . 27 76 193 148 42 73 17 Move 10765 | 83 310 1023 446 209 120 610 462 2226 419 344 73 696 1748 802 104 162 406 522 Hop . | . . . . . . . . . . . . . . . . . . . Pick Up 121 | 8 7 19 6 . 1 17 12 27 . 1 . 1 15 3 2 . . 2 Fast Attach 62 | 6 2 14 . . . 5 6 18 . . . 2 5 . . . . 4 Attach 36 | 1 4 7 . . 2 1 5 8 . . . . 3 . 2 . . 3 Detach 12 | . . 4 . . . 3 . 1 . . . 1 . . 1 . . 2 Swap 145 | . 2 10 3 . 1 10 14 15 1 3 . 15 29 20 1 5 9 7 Drop 116 | . 4 18 2 . 1 21 12 24 . 1 . 5 18 7 1 1 . 1 Fire 91 | 6 19 4 2 . 2 2 9 . . . . 3 2 10 7 7 9 9 Melee 549 | . 36 108 1 . 12 43 60 114 8 4 . 13 68 35 . 10 17 20 Ram . | . . . . . . . . . . . . . . . . . . . Kick 2 | . . . . . . 1 1 . . . . . . . . . . . Crush 1 | . 1 . . . . . . . . . . . . . . . . . Escape Stasis 28 | . . . . . . . . 26 . . . . . 2 . . . . Rewire 113 | . . . . . . . . . . . . . . 113 . . . . Trap . | . . . . . . . . . . . . . . . . . . . Miscellaneous . | . . . . . . . . . . . . . . . . . . . Route ------- -11/Scrapyard -10/Materials (discovered 3 exits: *Mat / [*Min x2]) -9/Materials (discovered 4 exits: *Mat x3 / *Min) -9/Mines (discovered 3 exits: *Mat x2 / *Exi) -9/Exiles -8/Mines -8/Materials (discovered 4 exits: Fac x2 / *Sto x2) -8/Storage -7/Factory (discovered 3 exits: *Fac / [*Low x2]) -7/Lower Caves -7/Lower Caves -7/Data Miner -6/Proximity Caves -6/Factory (discovered 7 exits: *Fac x3 / [*Low x2] / *Ext x2) -6/Extension (discovered 2 exits: *Fac / *Cet) -6/Cetus -6/Archives (discovered 3 exits: *Fac / *Hub x2) -6/Hub_04(d) -5/Factory (discovered 1 exit: *Upp) History --------- Turn | Location | Event 31 | -11/Scrapyard | Discovered new exit (range 14) 167 | -11/Scrapyard | Entered Materials 311 | -10/Materials | Build established: Mutant 484 | -10/Materials | Core integrity fell below 50% 537 | -10/Materials | Lost 4 parts (1p2n1w) 572 | -10/Materials | Discovered new exit (range 11) 790 | -10/Materials | Discovered new exit (range 11) 828 | -10/Materials | Core integrity fell below 20% 875 | -10/Materials | Repaired Aluminum Leg 900 | -10/Materials | Discovered new exit (range 3) 949 | -10/Materials | Entered another Materials area 949 | -9/Materials | Evolved 2 slots: Propulsion x1, Utility x1 1683 | -9/Materials | Lost 3 parts (2n1u) 1713 | -9/Materials | Core integrity fell below 50% 1965 | -9/Materials | Discovered new exit (range 15) 2049 | -9/Materials | Identified exit to Materials 2092 | -9/Materials | Identified exit to Mines 2126 | -9/Materials | Learned location of Storage (-8) 2152 | -9/Materials | Loaded intel: 2 recycling unit locations 2170 | -9/Materials | Learned Storage terminal intel 2200 | -9/Materials | Learned Storage garrison access intel 2652 | -9/Materials | Repaired Hvy. Hammer 2685 | -9/Materials | Repaired Hvy. Hammer 2855 | -9/Materials | Core integrity fell below 20% 3144 | -9/Materials | Entered Mines 3165 | -9/Mines | Deemed a non-threat by the Exiles lab entrance 3165 | -9/Mines | Discovered new exit (range 5) 3218 | -9/Mines | Found a hidden stash of uninstalled traps 3548 | -9/Mines | Discovered exit to Materials (range 14) 3651 | -9/Mines | Discovered exit to Materials (range 11) 4074 | -9/Mines | Entered Exiles 4074 | -9/Exiles | Found Exiles lab abandoned 4550 | -9/Exiles | Discovered new exit (range 14) 4576 | -9/Exiles | Entered Mines 4766 | -8/Mines | Discovered exit to Materials (range 6) 4830 | -8/Mines | Entered Materials 4830 | -8/Materials | Evolved 2 slots: Utility x1, Weapon x1 4831 | -8/Materials | Identified exit to Factory 4929 | -8/Materials | Discovered new exit (range 5) 5308 | -8/Materials | Build established: Scavenger-Mutant 5631 | -8/Materials | Repaired Powered Hammer 5867 | -8/Materials | Discovered new exit (range 8) 6411 | -8/Materials | Learned Factory emergency access door positions 6453 | -8/Materials | Learned Recycling recycling unit intel 6485 | -8/Materials | Learned Storage terminal intel 6520 | -8/Materials | Learned location of Recycling (-8) 6540 | -8/Materials | Learned location of Extension (-6) 6606 | -8/Materials | Entered Storage 6607 | -8/Storage | Loaded intel: 14 terminal locations 6608 | -8/Storage | Loaded intel: 1 garrison access location 6833 | -8/Storage | Met a pair of Derelict thieves 6925 | -8/Storage | Destroyed 7 combat bots 6930 | -8/Storage | Crushed by falling debris 6956 | -8/Storage | Lost 4 parts (2n1u1w) 7040 | -8/Storage | Core integrity fell below 50% 7174 | -8/Storage | Found Prototype Launcher 7174 | -8/Storage | Identified Scatter Rocket Array 7560 | -8/Storage | Discovered exit to Factory (range 8) 7691 | -8/Storage | Build established: Mutant 7743 | -8/Storage | Entered Factory 7743 | -7/Factory | Evolved 2 slots: Propulsion x1, Utility x1 7785 | -7/Factory | Discovered new exit (range 9) 7790 | -7/Factory | Discovered new exit (range 6) 8402 | -7/Factory | Lost 3 parts (3n) 8543 | -7/Factory | First assault squad dispatched 8804 | -7/Factory | Repaired Powered Hammer? 8943 | -7/Factory | Search patrols dispatched 8987 | -7/Factory | Discovered new exit (range 6) 9073 | -7/Factory | Repaired Aerolev Unit 9144 | -7/Factory | Repaired Imp. Airjet 9184 | -7/Factory | Build established: Gladiator 9197 | -7/Factory | Crushed by falling debris 9268 | -7/Factory | Repaired Med. Storage Unit 9316 | -7/Factory | Repaired Imp. Sensor Array 9343 | -7/Factory | Search patrols dispatched 9361 | -7/Factory | Repaired Powered Hammer 9418 | -7/Factory | Entered Lower Caves 9532 | -7/Lower Caves | Identified exit to Lower Caves 9583 | -7/Lower Caves | Encountered a Warlord checkpoint 9614 | -7/Lower Caves | Entered another Lower Caves area 9696 | -7/Lower Caves | Attacked by a delusional Derelict stockpiling parts 9718 | -7/Lower Caves | Learned 4 Factory zone layouts 9771 | -7/Lower Caves | Discovered new exit (range 12) 9776 | -7/Lower Caves | Entered Data Miner 9776 | -7/Data Miner | Discovered new exit (range 6) 9784 | -7/Data Miner | Met Data Miner 9791 | -7/Data Miner | Learned location of Section 7 (-2) 9791 | -7/Data Miner | Acquired the access code to Warlord's prototype stash 9796 | -7/Data Miner | Received God Mode back door access code from Data Miner 9806 | -7/Data Miner | Entered Proximity Caves 9830 | -6/Proximity Caves | Core integrity fell below 50% 9904 | -6/Proximity Caves | Attracted the attention of an 0b10 checkpoint 9905 | -6/Proximity Caves | Learned Factory trap positions 10187 | -6/Proximity Caves | Discovered new exit (range 6) 10190 | -6/Proximity Caves | Entered Factory 10190 | -6/Factory | Evolved 2 slots: Utility x2 10191 | -6/Factory | Identified exit to Factory 10191 | -6/Factory | Identified exit to Extension 10192 | -6/Factory | Loaded intel: 101 trap records 10367 | -6/Factory | Discovered exit to Extension (range 9) 10368 | -6/Factory | Discovered new exit (range 10) 10428 | -6/Factory | Discovered new exit (range 11) 10466 | -6/Factory | Build established: Infiltrator-Gladiator 10508 | -6/Factory | Discovered exit to Factory (range 14) 11103 | -6/Factory | Discovered exit to Factory (range 5) 11125 | -6/Factory | Fabricated Imp. Signal Interpreter (x2) 11279 | -6/Factory | Repaired Enh. Nuclear Core 11425 | -6/Factory | Build established: Scout 11446 | -6/Factory | Entered Extension 11479 | -6/Extension | Rescued A7 11619 | -6/Extension | Rescued a captive Derelict 11620 | -6/Extension | Rescued a captive Derelict 11861 | -6/Extension | Build established: Commander-Gladiator 11979 | -6/Extension | Spotted B-75 Beast 12007 | -6/Extension | Allies destroyed B-75 Beast 12010 | -6/Extension | Spotted B-75 Beast 12028 | -6/Extension | Allies destroyed B-75 Beast 12068 | -6/Extension | Lost 5 allies 12140 | -6/Extension | Rescued a captive Derelict 12141 | -6/Extension | Rescued a captive Derelict 12162 | -6/Extension | Rescued a captive Derelict 12171 | -6/Extension | Rescued a captive Derelict 12171 | -6/Extension | Rescued a captive Derelict 12297 | -6/Extension | Rescued a captive Derelict 12350 | -6/Extension | Discovered exit to Factory (range 10) 12351 | -6/Extension | Discovered new exit (range 6) 12383 | -6/Extension | Identified exit to Cetus 12420 | -6/Extension | Entered Cetus 12420 | -6/Cetus | Accompanied by 16 allies (A7) 12425 | -6/Cetus | Acquired a Cetus Manufacturing Module code from A7 12438 | -6/Cetus | Spotted Cetus Guard 12438 | -6/Cetus | Spotted Cetus Guard 12444 | -6/Cetus | Spotted Cetus Guard 12445 | -6/Cetus | Spotted Cetus Guard 12449 | -6/Cetus | Destroyed Cetus Guard 12461 | -6/Cetus | Allies destroyed Cetus Guard 12466 | -6/Cetus | Allies destroyed Cetus Guard 12473 | -6/Cetus | Allies destroyed Cetus Guard 12496 | -6/Cetus | Lost 6 allies 12502 | -6/Cetus | Started Cetus Manufacturing Module 12513 | -6/Cetus | Discovered new exit (range 16) 12522 | -6/Cetus | Identified exit to Archives 12527 | -6/Cetus | Manufactured an Enhanced Grunt 12552 | -6/Cetus | Manufactured an Enhanced Grunt 12577 | -6/Cetus | Manufactured an Enhanced Grunt 12602 | -6/Cetus | Manufactured an Enhanced Grunt 12627 | -6/Cetus | Manufactured an Enhanced Grunt 12672 | -6/Cetus | Entered Archives 12672 | -6/Archives | Accompanied by 15 allies (A7) 12718 | -6/Archives | Discovered exit to Factory (range 14) 12727 | -6/Archives | Unable to access archive contents 12733 | -6/Archives | Discovered new exit (range 16) 12745 | -6/Archives | Discovered new exit (range 14) 12827 | -6/Archives | Identified exit to Hub_04(d) 12874 | -6/Archives | Entered Hub_04(d) 12874 | -6/Hub_04(d) | Accompanied by 13 allies 12874 | -6/Hub_04(d) | Discovered exit to Factory (range 9) 12988 | -6/Hub_04(d) | Found Prototype Device 12988 | -6/Hub_04(d) | Identified Exp. Thermal Shield 13011 | -6/Hub_04(d) | Lost 3 allies 13197 | -6/Hub_04(d) | Lost 5 allies 13249 | -6/Hub_04(d) | Network Hub disabled 13270 | -6/Hub_04(d) | Spotted Lightning 13276 | -6/Hub_04(d) | Entered Factory 13276 | -5/Factory | Evolved 2 slots: Propulsion x1, Utility x1 13300 | -5/Factory | Discovered new exit (range 8) 13304 | -5/Factory | Identified exit to Upper Caves 13576 | -5/Factory | First assault squad dispatched 13578 | -5/Factory | Build established: Infiltrator-Ninja 13718 | -5/Factory | Self-destructed Last Messages --------------- 13668_ Adv. Terrain Scanner blown off. 13668_ E-15 Imp destroyed. 13668_ R-10 Processor collects Propulsion Shielding. 13671_ R-10 Processor collects Adv. Terrain Scanner. 13690_ Penetrated by Slug. 13690_ Slug penetrates Wall. 13694_ Penetrated by Slug. 13696_ Slug penetrates Wall. 13700_ Penetrated by Slug. 13700_ Slug penetrates Wall. 13703_ Penetrated by Slug. 13707_ Cld. Airjet destroyed. 13710_ Adv. Melee Analysis Suite destroyed. 13714_ Penetrated by Slug. 13714_ Imp. Hacking Suite destroyed. 13717_ Cmb. Airjet destroyed. 13717_ Slug penetrates Nuclear Reactor. 13717_ Adv. Sensor Array destroyed. Map ----- +----------------------------------------------------+ | ?????????????????????????????????????????????????? | | ?????????????????????????????????????????????????? | | ?????????????????????????????????????????????????? | | ?????????????????????????????????????????????????? | | ?????????????????????????????????????????????????? | | ?????????????????????????????????????????????????? | | ?????????????????????????????????????????????????? | | ?????????????????????????????????????????????????? | | ?????????????????????????????????????????????????? | | ?????????????????????????????????????????????????? | | ?????????????????????????????????????????????????? | | ?????????????????????????????????????????????????? | | ??????????????????#?#####????????????????????????? | | ??????????????????Y########??????????????????????? | | ?????????????????? #??????????????????????? | | ?????????????????? #??????????????????????? | | ??"??????????? ??""" #??????????????????????? | | ??????????????? """ !!! #??????????????????????? | | ?????????????#"" """ !!! #??????????????????????? | | ?????????????#"" !! #?????????? ??????????? | | ???#?????????#"" """ ! #???????? ??????????? | | ???#?????????#S """ #?????? #?????????? | | ?????????????#"" """ #???? #?????????? | | ??#??????????#"" #?? #?????????? | | ###?#??#???#?#"" # #?????????? | | ############## p @; #?????????? | | ###################+########+#######?????????????? | | ?????????????? | | ^ ?????????????? | | ?????????????? | | ?????????????? | | ^ ?????????????? | | ?????????????? | | | | #################### ################+########+### | | #################### ############## ## | | ##????????????##??## ##??????????##"" ## | | ##########????????## ##??????????##"" """ ## | | #################### ##??????????##"T """ ## | | ############+##??????????##"" """ ## !![ | | """""" ## ##############"" ## !! | | """""" ""! ] ############## """ ## ![ | | """""" ## + #! """ ## | | """""" ## """" """" # # """ ## | | ## """" """" # """ " ## | | """""" ## """" """" # """"" # """ ## | | """""" ## """" """" # """"" # """ "" | | """""" ## """" """" # # """ #####+# | | """""" ## """" """" # """ # ##### # | | ## """" """" # """"" # ##?## # | +----------------------------------------------------+ Best States ------------- Heat Dissipation 40 Energy Generation 17 Energy Capacity 300 Matter Stores 300 Matter Capacity 300 Sight Range 16 Robot Scan Range 16 Terrain Scan Range 20 Terrain Scan Density 210 ECM Strength 1 Jamming Range 14 Armor Coverage 450 Resistance: TH 30 Propulsion Shielding 66 Utility Shielding 66 Weapon Shielding 66 Evasion (%) 65 Melee Accuracy 8 Core Analysis 6 Recoil Reduction 3 Offensive Hacking 12 Authchip Count 2 Item Schematics ----------------- Combat Drone Bay | -7/Data Miner | Free Lgt. Regenerative Plating | -7/Data Miner | Free Cld. Cesium-ion Thruster | -7/Data Miner | Free Gravity Neutralizer | -7/Data Miner | Free Ion Burst Cannon | -7/Data Miner | Free Cmb. Gravmag System | -7/Data Miner | Free Imp. Recalibrator | -7/Data Miner | Free Imp. Plasma Cutter | -7/Data Miner | Free Imp. Signal Interpreter | -6/Factory | Hacked Robot Schematics ------------------ A-15 Conveyor | -7/Data Miner | Free M-22 Extractor | -7/Data Miner | Free E-15 Imp | -7/Data Miner | Free S-27 Virus | -7/Data Miner | Free Y-64 Sentinel | -7/Data Miner | Free B-60 Warrior | -7/Data Miner | Free Fabricated ------------ Imp. Signal Interpreter | x2 | -6/Factory | Authchip Alien Tech Used ----------------- None Achievements -------------- None Challenges ------------ None Game ------ Seed SpliceCompanionReplica Manual? 0 Play Time 02:41:18 Cumulative 275.7 hours Start 2024.09.06 @ 10:54:03 End 2024.09.06 @ 14:16:24 Sessions 1 Manual Loads 0 Difficulty Rogue Special Mode None Game No. 190 Rogue 190 Adventurer 0 Explorer 0 Win Type - Total 5 Types 5/0/0/0/0/0/0/0/0 Lore% 62 Gallery% 76 Achievement% 64 Wizard Run 0 Options --------- Layout 1 ASCII 0 Keyboard 1 Movement Numpad Keybinds 0 Fullscreen 2 Font 24/Smallcaps Map View 50x35 Zoom Use 0% Tactical HUD 1 Map Filters NONE Filters NONE Steam 1 RUN: 26cb1a44-3f13-4aae-9cc8-7b0d96fb230d